 Dungeon Crawl Stone Soup version 0.31.0-32-g396128a36d (webtiles) character file.

Game seed: 12960772865557541976

105 BoneyBoi1234 the Conjurer (level 4, -2/25 HPs)
             Began as a Deep Elf Conjurer on Mar 27, 2024.
             Slain by Crazy Yiuf
             ... wielding a +3 quarterstaff of chaos
              (16 damage)
             ... on level 2 of the Dungeon.
             The game lasted 00:04:13 (2198 turns).

BoneyBoi1234 the Conjurer (Deep Elf Conjurer)       Turns: 2198, Time: 00:04:14

Health: -2/25      AC:  2    Str:  4    XL:     4   Next: 53%
Magic:  5/12       EV: 13    Int: 25    God:
Gold:   93         SH:  0    Dex: 13    Spells: 6/11 levels left

rFire   . . .        c - +0 short sword
rCold   . . .        (no shield)
rNeg    . . .        a - +0 robe
rPois   .            (no helmet)
rElec   .            (no cloak)
rCorr   .            (no gloves)
SInv    .            (no boots)
Will    .....        (no amulet)
Stlth   ++           (no ring)
HPRegen 0.24/turn    (no ring)
MPRegen 0.13/turn

%: no passive effects
@: lethally poisoned (-2 -> -7)
A: no striking features
a: no special abilities


You were on level 2 of the Dungeon.
You visited 1 branch of the dungeon, and saw 2 of its levels.

You collected 93 gold pieces.

Inventory:

Hand Weapons
 c - a +0 short sword (weapon)
Armour
 a - a +0 robe (worn)
Jewellery
 m - an amulet of magic regeneration
Talismans
 l - a dragon-blood talisman
Scrolls
 d - a scroll of vulnerability {unknown}
 j - a scroll of identify {unknown}
Potions
 b - a potion of magic
 e - 2 potions of attraction {unknown}
 f - a potion of lignification {unknown}
 g - 2 potions of resistance {unknown}
 h - a potion of ambrosia {unknown}
 i - a potion of might {unknown}
 k - a potion of curing {unknown}


   Skills:
 + Level 1.2 Fighting
 + Level 3.6 Dodging
 - Level 2.4 Stealth
 + Level 4.2 Spellcasting
 + Level 5.0 Conjurations


You had 6 spell levels left.
You knew the following spells:

 Your Spells              Type           Power      Damage    Failure   Level
a - Magic Dart            Conj           100%       1d8       1%          1
b - Searing Ray           Conj           60%        2d6       1%          2
c - Ensorcelled Hibernat  Hex/Ice        10%        N/A       14%         2

Your spell library contained the following spells:

 Spells                   Type           Power      Damage    Failure   Level
 Sandblast                Erth           10%        2d5       9%          1
 Stone Arrow              Conj/Erth      36%        3d9       10%         3
 Fugue of the Fallen      Necr           5%         N/A       26%         3
 Passwall                 Erth           5%         N/A       26%         3
 Brom's Barrelling Bould  Conj/Erth      18%        2d4       30%         4
 Fulminant Prism          Conj/Alch      9%         3d7       30%         4
 Iskenderun's Mystic Bla  Conj/Tloc      18%        2d6       30%         4
 Anguish                  Hex/Necr       2%         N/A       65%         4


Dungeon Overview and Level Annotations

Branches:
Dungeon (2/15)

Altars:
Makhleb

Annotations:
D:2 Crazy Yiuf


Message History

You can't see any susceptible monsters within range! (Use Z to cast anyway.)
You can't see any susceptible monsters within range! (Use Z to cast anyway.)
You see here 3 stones.
You can't see any susceptible monsters within range! (Use Z to cast anyway.)
You can't see any susceptible monsters within range! (Use Z to cast anyway.) Could not explore, unopened runed door.
You start memorising the spell.
You continue memorising. x2
You finish memorising.
Spell assigned to 'c'.
Crazy Yiuf whimpers, "Adder!
Fire cloud leg."
Crazy Yiuf cries, "Key foot Hive!"
You open the door.
Casting: Magic Dart (safe; 1% risk of failure)
Confirm with . or Enter, or press ? or * to list all spells.
Aiming: Ensorcelled Hibernation (safe; 14% risk of failure)
Press: ? - help, Shift-Dir - straight line, f - Crazy Yiuf
Aim: Crazy Yiuf, wielding a +3 quarterstaff of chaos and wearing a +0 cloak (chance to affect: 48%) Crazy Yiuf looks drowsy...
The magic dart hits Crazy Yiuf but does no damage.
Crazy Yiuf shouts!
The magic dart hits Crazy Yiuf.
Crazy Yiuf is lightly wounded.
Crazy Yiuf barely misses you.
The magic dart hits Crazy Yiuf.
Crazy Yiuf is heavily wounded.
Crazy Yiuf closely misses you.
The magic dart hits Crazy Yiuf but does no damage.
Crazy Yiuf is heavily wounded.
Crazy Yiuf hits you with a +3 quarterstaff of chaos.
You are poisoned.
The magic dart hits Crazy Yiuf.
Crazy Yiuf is severely wounded.
You feel very sick.
Crazy Yiuf sings, "Trees, trees, trees, circus!"
Crazy Yiuf barely misses you.
The magic dart hits Crazy Yiuf.
Crazy Yiuf is severely wounded.
You feel sick.
Crazy Yiuf hits you with a +3 quarterstaff of chaos!
Ouch! That really hurt!
You die...

###.#######
#...>....#
##.###..###
##### ...#
#..### #)..#
##.###....#
#...#
.#.....####
...
.###......#
#'#
...#....<.#
♣g♣♣
##.#......#
♣♣@♣
..........#
♣.♣♣
##.#......#
♣♣.♣
##.#.....(#
♣♣.♣♣
##.#......#
♣♣...♣
........(##
♣....♣
##.#####.##
##..##
##.##.....#
#....#
......##..##
#...##


You could see Crazy Yiuf.

Vanquished Creatures
  4 adders (D:2)
  2 ribbon worms (D:2)
  2 dart slugs (D:1)
  9 ball pythons
  5 endoplasms
  2 giant cockroaches
  4 goblins
  6 hobgoblins
  5 jackals
  3 kobolds
  A quokka (D:2)
  4 bats
  5 frilled lizards
  4 rats
56 creatures vanquished.

Notes
Turn   | Place    | Note
-------+----------+-------------------------------------------
     0 | D:1      | BoneyBoi1234 the Deep Elf Conjurer began the quest for the
                  | Orb.
     0 | D:1      | Reached XP level 1. HP: 10/10 MP: 6/6
   170 | D:1      | Reached XP level 2. HP: 15/15 MP: 6/8
   230 | D:1      | Learned a level 2 spell: Searing Ray
   689 | D:1      | Reached XP level 3. HP: 20/20 MP: 8/10
  1360 | D:2      | Found a burning altar of Makhleb.
  1372 | D:2      | Reached skill level 1 in Fighting
  1372 | D:2      | Reached XP level 4. HP: 20/25 MP: 6/12
  1565 | D:2      | Reached skill level 5 in Conjurations
  1726 | D:2      | Found a runed translucent door.
  1727 | D:2      | Noticed Crazy Yiuf
  2152 | D:2      | Learned a level 2 spell: Ensorcelled Hibernation
  2198 | D:2      | Slain by Crazy Yiuf

Illustrated notes

Levels and vault maps discovered:
D:1:      matt_arrival_los_fun, layout_rooms, minmay_misc_feat_iff, st_stairs_4,
          minmay_tall_x
D:2:      layout_loops_cross, basic_altar, minmay_quadrilaterals,
          uniq_crazy_yiuf_cottage

Skill      XL: |  1  2  3  4 |
---------------+-------------+-----
Dodging        | 3 |  3.6
Spellcasting   | 4 |  4.2
Fighting       | 1 |  1.2
Conjurations   | 5 |  5.0
Stealth        | |  2.4

Action                     |  1- 3 |  4- 6 || total
---------------------------+-------+-------++-------
  Melee: Short sword       |     2 |       ||     2
   Cast: Magic Dart        |    70 |    49 ||   119
         Ensorcelled Hiber |       |     1 ||     1
 Armour: Robe              |     3 |     9 ||    12
  Dodge: Dodged            |     7 |     6 ||    13
